 Dungeon Sprint DCSS version 0.30-a0-883-g5ad918d77d (webtiles) character file.

Game seed: 8122581297295866994

342 BigDaddyOpFi the Cleaver (level 6, -20/93 HPs)
             Began as a Hill Orc Fighter on Mar 16, 2023.
             Was a High Priest of Wu Jian.
             Demolished by a vampire knight
             ... wielding a +0 war axe
              (27 damage)
             ... in the Dungeon (Sprint VII: "The Pits").
             The game lasted 00:01:13 (1072 turns).

BigDaddyOpFi the Cleaver (Hill Orc Fighter)         Turns: 1072, Time: 00:01:13

Health: -20/93     AC: 13    Str: 21    XL:     6   Next: 57%
Magic:  6/6        EV:  7    Int:  8    God:    Wu Jian [*****.]
Gold:   0          SH:  5    Dex: 10    Spells: 5/5 levels left

rFire   . . .      SeeInvis .    a - +0 war axe
rCold   . . .      Faith    .    c - +0 buckler
rNeg    . . .      Spirit   .    l - +3 chain mail
rPois   .          Reflect  .    (no helmet)
rElec   .          Rampage  .    (no cloak)
rCorr   .          NoTele   +    (no gloves)
Will    .....                    (no boots) Stlth
                                 (no amulet)
HPRegen 0.35/turn                (no ring)
MPRegen 0.10/turn                (no ring)

@: berserking, invisible, very quick
A: no striking features
a: Renounce Religion, Wall Jump, Serpent's Lash, Heavenly Storm


You were in the Dungeon.
You worshipped Wu Jian.
Wu Jian was extremely pleased with you.
You visited 1 branch

Inventory:

Hand Weapons
 a - a +0 war axe (weapon)
Armour
 c - a +0 buckler (worn)
 l - a +3 chain mail (worn)
Scrolls
 j - a scroll of blinking
Potions
 e - 6 potions of curing
 f - a potion of heal wounds
 g - a potion of haste
 h - 4 potions of magic
 i - a potion of berserk rage
 k - a potion of invisibility


   Skills:
 + Level 8.9 Fighting
 + Level 9.2 Axes
 + Level 8.1 Armour
 + Level 8.1 Shields


You had 5 spell levels left.
You didn't know any spells.
Your spell library was empty.

Dungeon Overview and Level Annotations

Branches:
Dungeon (1/1)

Altars:
Ashenzari
Cheibriados
Dithmenos
Elyvilon
Fedhas
Gozag
Hepliaklqana
Kikubaaqudgha
Makhleb
Nemelex Xobeh
Okawaru
Qazlal
Ru
Sif Muna
Trog
Uskayaw
Vehumet
Wu Jian
Xom
Yredelemnul
Zin
The Shining One
Beogh
Jiyva
Lugonu


Message History

You start waiting.
You start waiting.
Done waiting.
You start waiting.
You open the door.
A vampire knight comes into view. It is wielding a +0 war axe.
The vampire knight shouts!
You hit the vampire knight but do no damage.
The vampire knight hits you with a +0 war axe!
The vampire knight bites you but does no damage.
You barely miss the vampire knight.
The vampire knight casts a spell.
The vampire knight flickers and vanishes!
Deactivating autopickup; reactivate with Ctrl-A.
You barely miss something. Something hits you!!
Something bites you but does no damage.
You feel much better. Something hits you!!
Something bites you but does no damage.
You feel much better. Something hits you. Something bites you.
Something draws strength from your injuries!
You feel much better. Something hits you!!
Something bites you but does no damage.
You fade into invisibility!
You hear some strange, mumbled words.
A red film seems to cover your vision as you go berserk!
You feel yourself moving faster!
You feel mighty!
You hear some strange, mumbled words.
You suddenly lose the ability to move!
Something completely misses you. Something bites you!
* * * LOW HITPOINT WARNING * * *
Something draws strength from your injuries!
Something hits you!!
* * * LOW HITPOINT WARNING * * *
Something bites you.
* * * LOW HITPOINT WARNING * * *
Something draws strength from your injuries!
You can move again.
Unknown command.
You barely miss something. Something hits you!!
You die...

#†#........##.......#
#)###########.......#
#)).....# #########
#..###..# #.......#
##.###.##+#
#.......#.+
#..###..#{#
#.......)@#
###########


There were no monsters in sight!

Vanquished Creatures
  An orc warrior (D)
  A gnoll sergeant (D)
  A crimson imp (D)
  A hound (D)
  A jelly (D)
  7 gnolls (D)
  An adder (D)
  An adder zombie (D)
  A ball python (D)
  A bat zombie (D)
  An endoplasm (D)
  A hobgoblin (D)
  4 jackals (D)
  A quokka (D)
23 creatures vanquished.

Notes
Turn   | Place    | Note
-------+----------+-------------------------------------------
     0 | D        | BigDaddyOpFi the Hill Orc Fighter began the quest for the
                  | Orb.
     0 | D        | Reached XP level 1. HP: 19/19 MP: 1/1
    11 | D        | Reached skill level 3 in Axes
    15 | D        | Found a bloodstained altar of Trog.
    15 | D        | Found a shimmering blue altar of Sif Muna.
    15 | D        | Found a viscous altar of Jiyva.
    15 | D        | Found a hazy altar of Hepliaklqana.
    15 | D        | Found an opulent altar of Gozag.
    16 | D        | Found a glowing golden altar of the Shining One.
    16 | D        | Found a glowing silver altar of Zin.
    16 | D        | Found a basalt altar of Yredelemnul.
    16 | D        | Found a shimmering altar of Xom.
    16 | D        | Found an ornate altar of the Wu Jian Council.
    16 | D        | Found a sacrificial altar of Ru.
    16 | D        | Found a stormy altar of Qazlal.
    16 | D        | Found an iron altar of Okawaru.
    16 | D        | Found a sparkling altar of Nemelex Xobeh.
    16 | D        | Found a burning altar of Makhleb.
    16 | D        | Found a blossoming altar of Fedhas.
    16 | D        | Found a white marble altar of Elyvilon.
    16 | D        | Found a shadowy altar of Dithmenos.
    16 | D        | Found a snail-covered altar of Cheibriados.
    17 | D        | Found a radiant altar of Vehumet.
    17 | D        | Found a corrupted altar of Lugonu.
    17 | D        | Found a roughly hewn altar of Beogh.
    18 | D        | Found an ancient bone altar of Kikubaaqudgha.
    18 | D        | Found a hide-covered altar of Uskayaw.
    18 | D        | Found a broken altar of Ashenzari.
    26 | D        | Became a worshipper of the Wu Jian Council
    64 | D        | Reached skill level 4 in Axes
    64 | D        | Reached XP level 2. HP: 16/28 MP: 2/2
   132 | D        | Reached * piety under Wu Jian
   219 | D        | Reached ** piety under Wu Jian
   222 | D        | Reached skill level 5 in Fighting
   222 | D        | Reached XP level 3. HP: 33/36 MP: 3/3
   230 | D        | Reached *** piety under Wu Jian
   237 | D        | Reached skill level 5 in Axes
   237 | D        | Reached skill level 5 in Armour
   237 | D        | Reached skill level 5 in Shields
   237 | D        | Reached XP level 4. HP: 24/44 MP: 4/4
   564 | D        | Noticed a gnoll sergeant
   573 | D        | Reached skill level 6 in Axes
   578 | D        | Reached **** piety under Wu Jian
   585 | D        | Reached XP level 5. HP: 50/51 MP: 5/5
   587 | D        | Reached skill level 7 in Axes
   594 | D        | Reached ***** piety under Wu Jian
   596 | D        | Reached skill level 8 in Axes
   596 | D        | Reached XP level 6. HP: 46/61 MP: 6/6
   735 | D        | Noticed an orc warrior
   753 | D        | Killed an orc warrior
   754 | D        | Reached skill level 9 in Axes
  1062 | D        | Noticed a vampire knight
  1070 | D        | Paralysed by something for 2 turns
  1072 | D        | Demolished by a vampire knight

Illustrated notes

Levels and vault maps discovered:
D:        pitsprint [storerooms_1, entrance_room_1, metal_vault_2, armoury_2,
          mini_pit_1, grid_room_1, main_hall_1, silver_pit, the_coven_1,
          the_vestibule_1, steel_vault_2, golden_pit, hallway_of_sentries,
          crystal_vault_2, iron_vault_1, final_vault]

Skill      XL: |  1  2  3  4  5  6 |
---------------+-------------------+-----
Axes           | 4 5 6 8 9 |  9.2
Fighting       | 4 5 6 8 |  8.9
Armour         | 4 5 6 7 8 |  8.1
Shields        | 4 5 6 7 8 |  8.1

Action                     |  1- 3 |  4- 6 || total
---------------------------+-------+-------++-------
  Melee: War axe           |    32 |    48 ||    80
Ability: Whirlwind         |     1 |     1 ||     2
         Lunge             |       |     1 ||     1
    Use: Potion            |       |     9 ||     9
 Armour: Scale mail        |    31 |       ||    31
         Chain mail        |       |    22 ||    22
  Dodge: Dodged            |    30 |    12 ||    42
  Block: Buckler           |    15 |    19 ||    34

Table legend: (Time is in decaauts)
 A = Elapsed time spent in this place.
 B = Non-inter-level travel time spent in this place.
 C = Inter-level travel time spent in this place.
 D = Time resting spent in this place.
 E = Time spent auto-exploring this place.
 F = Levels seen in this place.
 G = Mean time per level.
                   A        B        C        D        E       F      G
               +--------+--------+--------+--------+--------+-----+--------+
         Total |   1096 |   1078 |     18 |    854 |      0 |   1 | 1096.0 |
       Dungeon |   1096 |   1078 |     18 |    854 |      0 |   1 | 1096.0 |
               +--------+--------+--------+--------+--------+-----+--------+

Top non-repeatable levels by time:
       D: 1096 daAuts
